 Dungeon Crawl Stone Soup version 0.18-a0-1560-ge216ca8 (webtiles) character file.

18 Ijustatesigmund the Insei (level 2, -4/19 HPs)
             Began as an Octopode Transmuter on Mar 12, 2016.
             Slain by a worm (11 damage)
             ... on level 2 of the Dungeon.
             The game lasted 00:01:33 (1307 turns).

Ijustatesigmund the Insei (Octopode Transmuter)     Turns: 1307, Time: 00:01:33

Health: -4/19      AC:  1    Str:  9    XL:     2   Next: 70%
Magic:  3/5        EV: 12    Int: 15    God:
Gold:   59         SH:  0    Dex: 12    Spells: 2 memorised, 2 levels left

rFire  . . .     SeeInvis .       - Unarmed
rCold  . . .     Gourm    .     (no shield)
rNeg   . . .     Faith    .     (helmet restricted)
rPois  .         Spirit   .     (no amulet)
rElec  .         Dismiss  .     (no ring)
rCorr  .         Reflect  .     (no ring)
SustAt .         Harm     .     (no ring)
MR     .....                    (no ring)
Stlth  ++........               (no ring)
                                (no ring)
                                (no ring)
                                (no ring)

@: appendage, very slightly contaminated, not resistant to hostile enchantments,
unstealthy
A: almost no armour, amphibious, 8 rings, constrict 8, tentacle spike 3,
camouflage 1, gelatinous body 1
a: End Transformation


You were on level 2 of the Dungeon.
You were not hungry.
One of your tentacles had a temporary spike.
You visited 1 branch of the dungeon, and saw 2 of its levels.

You collected 59 gold pieces.

Inventory:

Missiles
 a - 21 arrows
Jewellery
 i - an uncursed amulet of faith
Scrolls
 g - 2 scrolls of remove curse
Potions
 e - 2 potions of agility {unknown}
 f - a potion of curing {unknown}
Books
 b - a book of Changes

   Spells                             Type                      Level
   a - Beastly Appendage              Transmutation                1
   b - Sticks to Snakes               Transmutation                2
   c - Spider Form                    Transmutation/Poison         3
   d - Ice Form                       Ice/Transmutation            4
   e - Blade Hands                    Transmutation                5
Comestibles
 c - 3 bread rations
 d - a beef jerky
 h - 4 fruits
 j - a chunk of flesh


   Skills:
 + Level 1.9 Fighting
 - Level 2.0 Dodging
 + Level 3.5 Unarmed Combat
 - Level 2.0 Spellcasting
 - Level 2.0 Transmutations


You had 2 spell levels left.
You knew the following spells:

 Your Spells              Type           Power        Failure   Level  Hunger
a - Beastly Appendage     Trmt           #.....       12%         1    #......
b - Sticks to Snakes      Trmt           #.......     14%         2    ###....


Dungeon Overview and Level Annotations

Branches:
Dungeon (2/15)

Altars:


Innate Abilities, Weirdness & Mutations

You cannot wear most types of armour.
You are amphibious.
You can wear up to eight rings at the same time.
You can use your tentacles to constrict eight enemies at once.
Your skin changes colour to match your surroundings (Stealth).
Your rubbery body absorbs attacks (AC +1).
One of your tentacles bears a large vicious spike.


Message History

You feel a strange surge of energy!
Casting: Beastly Appendage
Confirm with . or Enter, or press ? or * to list all spells.
One of your tentacles grows a vicious spike.
You barely miss the worm. You grab the worm.
You pierce the worm, but do no damage.
You constrict the worm. You tentacle-slap the worm.
The worm is lightly wounded.
You constrict the worm. The worm bites you.
You tentacle-slap the worm.
The worm is moderately wounded.
You constrict the worm. The worm bites you!
You tentacle-slap the worm. You squeeze the worm, but do no damage.
The worm is moderately wounded.
You constrict the worm. You tentacle-slap the worm.
You pierce the worm, but do no damage.
The worm is heavily wounded.
You constrict the worm. The worm bites you!
Ouch! That really hurt!
You die...

####### #.....#
############# #.....#
#...........# #....w#
#...........# #....@#
#...........# #.....#
#...........#
#.....###...........##
+.....'.'...........'.
#.....###...........##
......$.#
#...........##
........#
#...........##
.....####
############## ..... #


You could see a worm.

Vanquished Creatures
  5 bats (D:1)
  A giant cockroach (D:2)
  A goblin (D:1)
  4 hobgoblins
  A ball python (D:1)
  A giant newt (D:1)
  3 kobolds (D:1)
  A rat (D:1)
17 creatures vanquished.

Notes
Turn   | Place    | Note
--------------------------------------------------------------
     0 | D:1      | Ijustatesigmund the Octopode Transmuter began the quest for the Orb.
     0 | D:1      | Reached XP level 1. HP: 13/13 MP: 3/3
   324 | D:1      | Reached XP level 2. HP: 18/18 MP: 5/5
   328 | D:1      | Learned a level 2 spell: Sticks to Snakes
  1307 | D:2      | Slain by a worm

Vault maps used:
D:1:      dpeg_arrival_simpleton_c, serial_bayou_pond_a, minmay_ruptured
D:2:      marbit_many_paths, first_bread

Action                   || total
-------------------------++-------
Melee: Unarmed           ||    45
 Cast: Beastly Appendage ||     1
  Use: Scroll            ||     2
 Stab: Sleeping          ||     3
  Eat: Chunk             ||     1
